 Dungeon Crawl Stone Soup version 0.16-a0-327-gbff0e38 (webtiles) character file.

128 PolkaDot the Caller (level 4, -2/30 HPs)
             Began as a Vampire Summoner on Sept 5, 2014.
             Slain by a rat (3 damage)
             ... on Level 3 of the Dungeon.
             The game lasted 00:09:23 (2328 turns).

PolkaDot the Caller (Vampire Summoner)              Turns: 2328, Time: 00:09:23

HP  -2/30        AC  3     Str  7      XL: 4   Next: 86%
MP   7/7         EV 13     Int 18      God:
Gold 79          SH  0     Dex 16      Spells:  3 memorised,  1 level left

rFire  . . .     SeeInvis +     d - +0 dagger
rCold  . . .     Clarity  .     a - +0 robe
rNeg   . . .     rCorr    .     (no shield)
rPois  .         rRot     .     (helmet restricted)
rElec  .         Spirit   .     (no cloak)
SustAb .         Warding  .     (no gloves)
rMut   .         Stasis   .     c - +0 pair of boots
Gourm  .                        (no amulet)
MR     .....                    (no ring)
                                (no ring)

@: lethally poisoned, regenerating quickly, not resistant to hostile
enchantments, fairly stealthy
A: fangs 3, horns 1, talons 1, see invisible, agile 1, unbreathing
a: no special abilities


You were on level 3 of the Dungeon.
You were full.

You visited 1 branch of the dungeon, and saw 3 of its levels.

You collected 79 gold pieces.

Inventory:

Hand weapons
 d - a +0 dagger (weapon)
Armour
 a - a +0 robe (worn)
 c - a +0 pair of boots (worn)
 f - a +0 helmet
Magical devices
 m - a wand of frost (15)
 p - a wand of random effects (9) {unknown}
Scrolls
 e - a scroll of identify {unknown}
 j - a scroll of amnesia {unknown}
 q - a scroll of teleportation {unknown}
Jewellery
 n - an uncursed amulet of faith {unknown}
Books
 b - a book of Callings

   Spells                             Type                      Level
   *Summon Small Mammal               Summoning                    1
   *Call Imp                          Summoning                    2
   *Call Canine Familiar              Summoning                    3
   Summon Guardian Golem              Hexes/Summoning              4
   Summon Lightning Spire             Summoning/Air                4
   Summon Ice Beast                   Ice/Summoning                4


   Skills:
 - Level 2.1 Dodging
 - Level 3.0 Stealth
 - Level 2.0 Spellcasting
 * Level 6.2 Summonings


You had one spell level left.
You knew the following spells:

 Your Spells              Type           Power        Failure   Level  Hunger
a - Summon Small Mammal   Summ           ###.         1%          1    #......
d - Call Canine Familiar  Summ           ###.....     4%          3    ####...
s - Call Imp              Summ           ###.....     1%          2    ##.....


Dungeon Overview and Level Annotations

Branches:
Dungeon (3/15)

Altars:
Okawaru


Innate Abilities, Weirdness & Mutations

Your natural rate of healing is unusually fast.
You have razor-sharp teeth.
You have supernaturally acute eyesight.
You can survive without breathing.
You have a pair of small horns on your head.
You have sharp toenails.
You are agile. (Dex +2)


Message History

The kobold hits your white imp with a club.
Your white imp closely misses the kobold.
* * * LOW HITPOINT WARNING * * *
You feel sick. The rat bites you.
* * * LOW HITPOINT WARNING * * *
The kobold hits your white imp with a club.
Your white imp hits the kobold.
The kobold dies!
You aren't carrying any potions.
You aren't carrying any potions.
* * * LOW HITPOINT WARNING * * *
You feel sick.
The kobold hits your white imp but does no damage.
The rat barely misses you.
Your white imp hits the kobold.
Your white imp freezes the kobold.
The kobold dies!
Your crimson imp closely misses the rat.
* * * LOW HITPOINT WARNING * * *
You feel sick. The rat bites you.
You die...

... ... ........# ....
.........# .....
..........# ......
...........### .......
...[..........
....................#
....................####.
...>...........5@........
..............)r....####.
..............)5.........
....................#####
....................##
.................(...#
.....................#
.....................#
.....................#


You could see a rat, a friendly crimson imp and a friendly white imp.

Vanquished Creatures
  Sigmund (D:2)
  An adder (D:2)
  A giant gecko (D:1)
  2 oozes
  An orc (D:3)
  2 ball pythons (D:1)
  6 bats
  2 giant cockroaches (D:2)
  A goblin (D:1)
  3 hobgoblins
  3 jackals (D:1)
  2 quokkas
  3 giant newts
  2 kobolds (D:1)
  A rat (D:1)
31 creatures vanquished.

Vanquished Creatures (collateral kills)
  Jessica (D:2)
  Terence (D:2)
  An adder (D:2)
  An orc (D:3)
  4 goblins
  4 hobgoblins
  2 bats (D:1)
  A giant cockroach (D:1)
  A giant newt (D:1)
  A jackal (D:1)
  7 kobolds
  2 rats (D:2)
26 creatures vanquished.

Vanquished Creatures (others)
  A rat (D:1)
1 creature vanquished.

Grand Total: 58 creatures vanquished

Notes
Turn   | Place    | Note
--------------------------------------------------------------
     0 | D:1      | PolkaDot, the Vampire Summoner, began the quest for the Orb.
     0 | D:1      | Reached XP level 1. HP: 13/13 MP: 3/3
   176 | D:1      | Reached XP level 2. HP: 17/19 MP: 0/4
   895 | D:1      | Learned a level 2 spell: Call Imp
  1050 | D:1      | Reached skill level 5 in Summonings
  1050 | D:1      | Reached XP level 3. HP: 24/24 MP: 6/6
  1218 | D:2      | Found an iron altar of Okawaru.
  1227 | D:2      | Noticed Jessica
  1238 | D:2      | Killed Jessica
  1419 | D:2      | Noticed Terence
  1431 | D:2      | Killed Terence
  1486 | D:2      | Learned a level 3 spell: Call Canine Familiar
  1588 | D:2      | Gained mutation: You have sharp toenails. [potion of mutation]
  1588 | D:2      | Gained mutation: You are agile. (Dex +2) [potion of mutation]
  1588 | D:2      | Gained mutation: You have a pair of small horns on your head. [potion of mutation]
  1816 | D:2      | Noticed Sigmund
  1851 | D:2      | Killed Sigmund
  1851 | D:2      | Reached skill level 6 in Summonings
  1851 | D:2      | Reached XP level 4. HP: 21/30 MP: 1/7
  2328 | D:3      | HP: 1/30 [poisoned by a kobold]
  2328 | D:3      | Slain by a rat

Action                   |  1- 3 |  4- 6 || total
-------------------------+-------+-------++-------
Melee: Unarmed           |   207 |       ||   207
       Dagger            |     5 |    37 ||    42
 Cast: Summon Small Mamm |    37 |       ||    37
       Call Imp          |    13 |     2 ||    15
       Call Canine Famil |     1 |     1 ||     2
  Use: Potion            |     9 |       ||     9
 Stab: Sleeping          |     3 |     2 ||     5
       Distracted        |     2 |     1 ||     3
  Eat: Corpse            |    16 |     3 ||    19
